 Dungeon Crawl Stone Soup version 0.30.1-3-gfc49f6343a (webtiles) character file.

Game seed: 8549554766424408940

325 Evalya the Covered (level 6, -8/45 (47) HPs)
             Began as a Human Fighter on July 20, 2023.
             Was a Follower of Kikubaaqudgha.
             Mangled by Crazy Yiuf
             ... wielding a +3 quarterstaff of chaos
              (13 damage)
             ... on level 3 of the Dungeon.
             The game lasted 00:18:49 (3015 turns).

Evalya the Covered (Human Fighter)                  Turns: 3015, Time: 00:18:49

HP:   -8/45 (47)    AC:  9    Str: 18    XL:     6   Next: 78%
MP:   6/6           EV: 11    Int:  8    God:    Kikubaaqudgha [*.....]
Gold: 133           SH:  8    Dex: 13    Spells: 4/5 levels left

rFire   . . .        g - +5 hand axe (freeze)
rCold   . . .        n - +0 kite shield
rNeg    . . .        f - +0 chain mail
rPois   .            (no helmet)
rElec   .            (no cloak)
rCorr   .            (no gloves)
SInv    .            (no boots)
Will    .....        (no amulet) Stlth
                     (no ring)
HPRegen 0.27/turn    (no ring)
MPRegen 0.10/turn

%: no passive effects
@: agile, lightly drained
A: no striking features
a: Renounce Religion, Unearth Wretches


You were on level 3 of the Dungeon.
You worshipped Kikubaaqudgha.
Kikubaaqudgha was aware of your devotion.
You visited 1 branch of the dungeon, and saw 3 of its levels.

You collected 133 gold pieces.

Inventory:

Hand Weapons
 a - a +0 mace of venom
 g - a +5 hand axe of freezing (weapon)
Missiles
 e - 32 stones (quivered)
 m - a throwing net
Armour
 f - a +0 chain mail (worn)
 n - a +0 kite shield (worn)
Magical Staves
 l - a staff of air
Jewellery
 h - a +6 ring of intelligence
Scrolls
 d - a scroll of teleportation
Potions
 b - a potion of curing {unknown}
 j - a potion of degeneration {unknown}
 k - a potion of flight {unknown}


   Skills:
 - Level 3.2 Fighting
 * Level 4.3(4.7) Axes
 - Level 2.5(3.8) Maces & Flails
 + Level 4.7 Armour
 - Level 3.2 Shields


You had 4 spell levels left.
You knew the following spells:

 Your Spells              Type           Power      Damage    Failure   Level
a - Necrotise             Necr           0%         1d4       100%        1

Your spell library contained the following spells:

 Spells                   Type           Power      Damage    Failure   Level
 Beastly Appendage        Tmut           0%         N/A       100%        1
 Foxfire                  Conj/Fire      0%         2x1d4     100%        1
 Cigotuvi's Dreadful Rot  Necr/Pois/Air  0%         N/A       100%        2
 Sublimation of Blood     Necr           0%         N/A       100%        2
 Wereblood                Tmut           0%         N/A       100%        2
 Spider Form              Tmut/Pois      0%         N/A       100%        3
 Summon Guardian Golem    Hex/Summ       0%         N/A       100%        3
 Animate Dead             Necr           0%         N/A       100%        4
 Fireball                 Conj/Fire      0%         3d3       100%        5
 Iskenderun's Battlesphe  Conj           0%         2d6       100%        5
 Conjure Ball Lightning   Conj/Air       0%         3x3d6     100%        6
 Plasma Beam              Fire/Air       0%         2x1d11    100%        6
 Starburst                Conj/Fire      0%         6d3       100%        6
 Orb of Destruction       Conj           0%         9d5       100%        7
 Spellforged Servitor     Conj/Summ      0%         N/A       100%        7


Dungeon Overview and Level Annotations

Branches:
Dungeon (3/15)

Altars:
Kikubaaqudgha

Annotations:
D:3 Crazy Yiuf


Message History

The floor.
You barely miss Crazy Yiuf.
Crazy Yiuf hits you with a +3 quarterstaff of chaos.
You feel drained.
Cleave: g) +5 hand axe (freeze)
Press: ? - help, Dir - move target, f - Crazy Yiuf
Aim: Crazy Yiuf, wielding a +3 quarterstaff of chaos and wearing a +2 cloak (about 30% to evade your +5 hand axe of freezing)
Okay, then.
You hit Crazy Yiuf but do no damage.
Crazy Yiuf hits you with a +3 quarterstaff of chaos!
Crazy Yiuf freezes you.
Crazy Yiuf yells, "Prologue mobile arga!"
Crazy Yiuf hits you with a +3 quarterstaff of chaos!
Crazy Yiuf freezes you.
You are too injured to fight recklessly!
You are too injured to fight recklessly!
You hit Crazy Yiuf. You freeze Crazy Yiuf.
Crazy Yiuf is moderately wounded.
Crazy Yiuf flaps his cloak.
You block Crazy Yiuf's attack.
You completely miss Crazy Yiuf.
Crazy Yiuf is moderately wounded.
Crazy Yiuf hits you with a +3 quarterstaff of chaos.
You feel agile all of a sudden.
You hit Crazy Yiuf. You freeze Crazy Yiuf.
Crazy Yiuf is severely wounded.
You block Crazy Yiuf's attack.
You barely miss Crazy Yiuf.
Crazy Yiuf is severely wounded.
You block Crazy Yiuf's attack.
You closely miss Crazy Yiuf.
Crazy Yiuf is severely wounded.
Crazy Yiuf laughs, "Candle!
Snurf head cloud."
Crazy Yiuf hits you with a +3 quarterstaff of chaos!
* * * LOW HITPOINT WARNING * * *
You feel drained.
* * * LOW HITPOINT WARNING * * *
Crazy Yiuf hits you with a +3 quarterstaff of chaos!
You die...
Kikubaaqudgha rasps: "You have failed me!
Welcome... death!"

#....# #)# #. #....# #.#
#. #....# #.## #. ##...#
#..########. ##.##
#........... ##.#
#...##.###.. #.##
#.#.##.###.. ##.#
#.#†##...... #@##
#.#.######.# #g#
#.#)######.# ...
#.#).......# #...#
#.########## #)..# #.#
##### #.# #.# ###
####.#######
####.######.#........####


You could see Crazy Yiuf.

Vanquished Creatures
  An ogre (D:3)
  An orc priest (D:3)
  Terence (D:2)
  4 adders
  8 gnolls (D:3)
  A worm (D:2)
  2 dart slugs
  3 orcs (D:3)
  2 bats (D:2)
  6 endoplasms
  6 goblins
  9 hobgoblins
  3 jackals (D:1)
  4 kobolds
  2 quokkas
  6 ball pythons
  4 frilled lizards
  2 rats (D:2)
65 creatures vanquished.

Notes
Turn   | Place    | Note
-------+----------+-------------------------------------------
     0 | D:1      | Evalya the Human Fighter began the quest for the Orb.
     0 | D:1      | Reached XP level 1. HP: 18/18 MP: 1/1
   173 | D:1      | Reached XP level 2. HP: 21/24 MP: 2/2
   602 | D:1      | Reached XP level 3. HP: 25/29 MP: 3/3
   869 | D:1      | Reached skill level 1 in Maces & Flails
  1133 | D:2      | Found an ancient bone altar of Kikubaaqudgha.
  1142 | D:2      | Became a worshipper of Kikubaaqudgha
  1697 | D:2      | Reached XP level 4. HP: 34/35 MP: 4/4
  1916 | D:2      | Noticed Terence
  1923 | D:2      | Killed Terence
  2122 | D:2      | Identified the +0 robe "Quq Kiac" {rC+}
  2282 | D:3      | Reached XP level 5. HP: 32/41 MP: 5/5
  2570 | D:3      | Noticed an ogre
  2577 | D:3      | Killed an ogre
  2578 | D:3      | Reached XP level 6. HP: 21/47 MP: 6/6
  2580 | D:3      | Reached * piety under Kikubaaqudgha
  2580 | D:3      | Received a gift from Kikubaaqudgha
  2585 | D:3      | Learned a level 1 spell: Necrotise
  3004 | D:3      | Found a runed translucent door.
  3005 | D:3      | Noticed Crazy Yiuf
  3015 | D:3      | Mangled by Crazy Yiuf

Illustrated notes

Levels and vault maps discovered:
D:1:      psy_arrival_radial01, layout_basic, minmay_hexomino_p4
D:2:      layout_loops_corners, basic_altar, serial_bayou_pond_e, uniq_terence
D:3:      layout_loops_corners, chequers_serial_rivers_micro_d,
          uniq_crazy_yiuf_cottage

Skill      XL: |  1  2  3  4  5 |
---------------+----------------+-----
Maces & Flails | 1 2 |  2.5
Armour         | 4 |  4.7
Axes           | 4 |  4.3
Fighting       | |  3.2
Shields        | |  3.2

Action                     |  1- 3 |  4- 6 || total
---------------------------+-------+-------++-------
  Melee: War axe           |    19 |       ||    19
         Mace              |    32 |     4 ||    36
         Spear             |    11 |       ||    11
         Whip              |    34 |    17 ||    51
         Hand axe          |       |    68 ||    68
  Throw: Stone             |       |     2 ||     2
    Use: Scroll            |     6 |     2 ||     8
         Potion            |       |     4 ||     4
 Armour: Scale mail        |    35 |    32 ||    67
         Chain mail        |       |     3 ||     3
  Dodge: Dodged            |    38 |    42 ||    80
  Block: Buckler           |    24 |    10 ||    34
         Kite shield       |       |    13 ||    13
